 Dungeon Crawl Stone Soup version 0.20.1-1-g8b1a95d66d (webtiles) character file.

865 Jynx the Insei (level 7, -6/60 HPs)
             Began as a Green Draconian Transmuter on Dec 20, 2017.
             Was an Initiate of Makhleb.
             Killed by divine providence
             ... invoked by an orc priest
              (12 damage)
             ... on level 5 of the Dungeon.
             The game lasted 00:10:10 (4630 turns).

Jynx the Insei (Green Draconian Transmuter)         Turns: 4630, Time: 00:10:11

Health: -6/60      AC:  2    Str: 12    XL:     7   Next: 72%
Magic:  8/11       EV: 19    Int: 15    God:    Makhleb [......]
Gold:   230        SH:  0    Dex: 17    Spells: 5/11 levels left

rFire    . . .     SeeInvis .     - Unarmed
rCold    . . .     Gourm    .   (shield currently unavailable)
rNeg     . . .     Faith    .   (armour unavailable)
rPois    x         Spirit   .   (helmet currently unavailable)
rElec    .         Reflect  .   (cloak currently unavailable)
rCorr    .         Harm     .   (gloves currently unavailable)
MR       .....                  (boots currently unavailable)
Stlth    +++.......             (no amulet)
Regen    0.2/turn               d - ring of stealth
MPRegen  0.2/turn               (no ring)

@: spider-form (expiring)
A: (breathe noxious fumes), unfitting armour, AC +6
a: End Transformation, Renounce Religion


You were on level 5 of the Dungeon.
You worshipped Makhleb.
Makhleb was noncommittal.
You were not hungry.
You were a venomous arachnid creature.
You visited 1 branch of the dungeon, and saw 5 of its levels.

You collected 230 gold pieces.

Inventory:

Missiles
 a - 81 arrows
Armour
 i - a +0 cloak (melded)
 s - a +2 pair of gloves (melded)
Jewellery
 d - a ring of stealth (left front leg)
Wands
 q - a wand of random effects (29/48)
Scrolls
 l - a scroll of recharging
 n - a scroll of enchant weapon {unknown}
 p - a scroll of remove curse
 t - 3 scrolls of magic mapping
 u - a scroll of noise {unknown}
 v - a scroll of blinking {unknown}
 w - a scroll of random uselessness {unknown}
 x - 2 scrolls of fear {unknown}
 y - a scroll of brand weapon {unknown}
Potions
 e - 2 potions of flight
 g - 3 potions of curing {unknown}
 h - a potion of berserk rage {unknown}
 j - a potion of ambrosia {unknown}
 k - 3 potions of heal wounds
 m - 2 potions of haste {unknown}
 r - a potion of resistance {unknown}
 z - a potion of degeneration {unknown}
Books
 b - a book of Changes

   Spells                             Type                      Level
   a - Beastly Appendage              Transmutation                1
   b - Sticks to Snakes               Transmutation                2
   c - Spider Form                    Transmutation/Poison         3
   d - Ice Form                       Ice/Transmutation            4
   e - Blade Hands                    Transmutation                5
Comestibles
 c - 6 bread rations
 f - 3 fruits
 o - 2 royal jellies
 A - a meat ration
 B - a chunk of flesh


   Skills:
 + Level 4.3 Fighting
 - Level 1.7 Dodging
 * Level 7.0 Unarmed Combat
 + Level 2.8 Spellcasting
 + Level 4.4 Transmutations


You had 5 spell levels left.
You knew the following spells:

 Your Spells              Type           Power        Failure   Level  Hunger
a - Beastly Appendage     Tmut           ###...       11%         1    #......
b - Sticks to Snakes      Tmut           ###.....     14%         2    ##.....
c - Spider Form           Tmut/Pois      #.........   45%         3    ###....


Dungeon Overview and Level Annotations

Branches:
Dungeon (5/15)
 Temple: D:4-7

Altars:
Ashenzari
Kikubaaqudgha
Makhleb
Trog
Zin
The Shining One

Shops:
D:5 ?

Annotations:
D:5 Dowan


Innate Abilities, Weirdness & Mutations

((You can breathe blasts of noxious fumes.))
((Your lurid green scales are hard. (AC +6)))
You cannot fit into any form of body armour.
((Your system is resistant to poisons. (rPois)))
((You are cold-blooded and may be slowed by cold attacks.))


Message History

You are too injured to fight recklessly!
Unknown command.
You hit the orc priest but do no damage.
The orc priest looks as sick as possible!
The orc priest is heavily wounded.
Your transformation is almost over.
The orc priest completely misses you.
You barely miss the orc priest.
The orc throws an exploding tomahawk.
The exploding tomahawk barely misses you.
The exploding tomahawk explodes!
The orc priest hits you with a whip!
* * * LOW HITPOINT WARNING * * *
The orc priest invokes the aid of Beogh against you.
Beogh smites you!
* * * LOW HITPOINT WARNING * * *
You barely miss the orc priest.
The orc throws an exploding tomahawk.
The exploding tomahawk closely misses you.
The exploding tomahawk explodes!
The orc priest mumbles some strange prayers to Beogh against you.
Beogh smites you!
You die...

....
#...........######
#...#
#.................
#...#
#....(....#..#####
#...# #.........##.#
###...#+#.........##.#
#.............######.#
#.............### #.#
#........oo...... ..#
###......s.o..... ..#
#......####....
#....o.# .!.. #.÷....#
... #......# #......#
#∩.....# #......#
########


You could see 2 orc priests, an orc wizard and an orc.

Vanquished Creatures
  Edmund (D:5)
  Duvessa (D:5)
  An ogre (D:4)
  A centaur (D:5)
  A howler monkey (D:5)
  A crimson imp (D:5)
  2 orc priests
  Crazy Yiuf (D:2)
  Jessica (D:2)
  Terence (D:2)
  2 worker ants (D:4)
  A hound skeleton (D:5)
  5 gnolls
  3 adders
  An adder skeleton (D:4)
  2 worms
  2 dart slugs
  8 leopard geckos
  14 orcs
  5 giant cockroaches
  7 goblins
  14 hobgoblins
  3 jackals (D:1)
  5 kobolds
  6 quokkas
  3 ball pythons
  7 bats
  8 frilled lizards
  5 rats
112 creatures vanquished.

Notes
Turn   | Place    | Note
-------+----------+-------------------------------------------
     0 | D:1      | Jynx the Draconian Transmuter began the quest for the Orb.
     0 | D:1      | Reached XP level 1. HP: 16/16 MP: 3/3
    14 | D:1      | Reached XP level 2. HP: 2/23 MP: 3/5
   725 | D:1      | Reached XP level 3. HP: 26/28 MP: 6/6
  1019 | D:1      | Reached skill level 4 in Unarmed Combat
  1043 | D:1      | Learned a level 2 spell: Sticks to Snakes
  1047 | D:1      | Learned a level 3 spell: Spider Form
  1099 | D:2      | Noticed Terence
  1110 | D:2      | Killed Terence
  1110 | D:2      | Reached XP level 4. HP: 35/36 MP: 4/7
  1188 | D:2      | Noticed Jessica
  1194 | D:2      | Killed Jessica
  1523 | D:2      | Found a bloodstained altar of Trog.
  1620 | D:2      | Found an ancient bone altar of Kikubaaqudgha.
  1970 | D:2      | Found a runed door.
  1977 | D:2      | Noticed Crazy Yiuf
  1984 | D:2      | Killed Crazy Yiuf
  1984 | D:2      | Reached XP level 5. HP: 31/42 MP: 4/8
  2613 | D:3      | Reached skill level 5 in Unarmed Combat
  2950 | D:3      | Found a glowing golden altar of the Shining One.
  3371 | D:4      | Reached XP level 6. HP: 51/51 MP: 5/9
  3641 | D:4      | HP: 2/51 [gnoll/whip (6)]
  3907 | D:4      | Found a burning altar of Makhleb.
  3907 | D:4      | Found a glowing silver altar of Zin.
  3908 | D:4      | Noticed an angel
  3908 | D:4      | Noticed an Executioner
  3916 | D:4      | Became a worshipper of Makhleb the Destroyer
  3931 | D:4      | Reached skill level 6 in Unarmed Combat
  4062 | D:5      | Entered Level 5 of the Dungeon
  4062 | D:5      | Found a shattered altar of Ashenzari.
  4086 | D:5      | Your scales start taking on a lurid green colour.
  4086 | D:5      | Reached XP level 7. HP: 58/58 MP: 10/10
  4086 | D:5      | Gained mutation: Your system is resistant to poisons. (rPois) [Green Draconian growth]
  4146 | D:5      | Noticed Edmund
  4163 | D:5      | Killed Edmund
  4245 | D:5      | Noticed Duvessa
  4246 | D:5      | Noticed Dowan
  4283 | D:5      | Killed Duvessa
  4596 | D:5      | Found Agi Dae's Magic Scroll Shoppe.
  4603 | D:5      | Reached skill level 7 in Unarmed Combat
  4630 | D:5      | Killed from afar by an orc priest

Skill      XL: |  1  2  3  4  5  6  7 |
---------------+----------------------+-----
Unarmed Combat | 4 5 6 7 |  7.0
Fighting       | 2 3 4 |  4.3
Transmutations | 3 4 |  4.4
Dodging        | |  1.7
Spellcasting   | |  2.8

Action                   |  1- 3 |  4- 6 |  7- 9 || total
-------------------------+-------+-------+-------++-------
Melee: Unarmed           |   123 |   252 |    40 ||   415
       Headbutt          |     6 |     2 |       ||     8
       Tailslap          |     8 |    23 |     1 ||    32
       Kick              |     3 |     4 |       ||     7
       Punch             |       |     2 |     1 ||     3
 Cast: Beastly Appendage |     5 |     7 |       ||    12
       Spider Form       |     1 |     7 |     4 ||    12
  Use: Scroll            |       |     9 |     1 ||    10
       Potion            |       |     1 |       ||     1
 Stab: Distracted        |     1 |       |       ||     1
       Sleeping          |       |     8 |     1 ||     9
  Eat: Chunk             |     1 |    11 |     2 ||    14
Armor: Skin              |    54 |    71 |     4 ||   129
Dodge: Dodged            |   104 |   161 |    27 ||   292
